 Dungeon Crawl Stone Soup version 0.26.1-2-gb8aa6d0cf2 (webtiles) character file.

Game seed: 3025722610222902370

17 Descartes the Magician (level 2, 0/15 HPs)
             Began as a Deep Elf Wanderer on Mar 7, 2021.
             Slain by a jackal (1 damage)
             ... on level 1 of the Dungeon.
             The game lasted 00:02:52 (945 turns).

Descartes the Magician (Deep Elf Wanderer)           Turns: 945, Time: 00:02:53

Health: 0/15       AC:  1    Str:  8    XL:     2   Next: 44%
Magic:  11/11      EV: 11    Int: 17    God:
Gold:   31         SH:  0    Dex: 14    Spells: 12/13 levels left

rFire    . . .     SeeInvis .   a - +2 dagger
rCold    . . .     Faith    .   (no shield)
rNeg     . . .     Spirit   .   d - +0 robe
rPois    .         Reflect  .   (no helmet)
rElec    .         Harm     .   c - -2 cloak (curse)
rCorr    .         Rampage  .   (no gloves)
Will     .....                  (no boots)
Stlth    ++........             (no amulet)
HPRegen  0.05/turn              (no ring)
MPRegen  0.12/turn              (no ring)

@: no status effects
A: no striking features
a: no special abilities


You were on level 1 of the Dungeon.
You visited 1 branch of the dungeon, and saw 1 of its levels.

You collected 31 gold pieces.

Inventory:

Hand Weapons
 a - a +2 dagger (weapon)
Missiles
 g - 17 stones
 h - 20 sling bullets
 i - 22 bolts
Armour
 c - a cursed -2 cloak (worn)
 d - a +0 robe (worn)
 e - a +0 tower shield
Scrolls
 b - 2 scrolls of blinking
 f - a scroll of teleportation {unknown}
Potions
 j - a potion of lignification {unknown}


   Skills:
 - Level 1.2 Stealth
 + Level 1.2 Shields
 - Level 6.0 Spellcasting
 - Level 1.1 Conjurations
 - Level 2.6 Hexes
 - Level 1.1 Summonings
 + Level 1.8 Earth Magic


You had 12 spell levels left.
You knew the following spells:

 Your Spells              Type           Power        Failure   Level
a - Sandblast             Erth           22%          6%          1

Your spell library contained the following spells:

 Spells                   Type           Power        Failure   Level
 Stone Arrow              Conj/Erth      20%          22%         3


Dungeon Overview and Level Annotations

Branches:
Dungeon (1/15)

Altars:


Message History

You hit the jackal.
The jackal is heavily wounded.
The jackal closely misses you.
You hit the jackal but do no damage.
The jackal is heavily wounded.
The jackal barely misses you. x2
You hit the jackal but do no damage.
The jackal is heavily wounded.
The jackal barely misses you.
You hit the jackal.
You kill the jackal!
The jackal closely misses you.
You barely miss the jackal. The jackal bites you.
* * * LOW HITPOINT WARNING * * *
You closely miss the jackal. The jackal bites you.
* * * LOW HITPOINT WARNING * * *
You hit the jackal.
The jackal is moderately wounded.
The jackal misses you. The jackal bites you.
You die...

#####...##.####.###..........†#
....#...##.# #.# #...........#
###.#...##.# #.# #........)..#
......#.##.####.# #...........#
###.###...)..##.# #############
#.# #.##.#.##.# #######
###.###..#.#.##.# .......
...........#.##.##.......
..#.####.#.#....@h.......
..#.####.#...##.##†......
..#......#.#.##.# ##.....
'####.........#.# #.## .#
#.##...####.# # .#
#.#.........# +# #.#......#####
#.#..........# ..#...##.###.#


You could see a jackal.

Vanquished Creatures
  A leopard gecko (D:1)
  A ball python (D:1)
  A giant cockroach (D:1)
  2 goblins (D:1)
  A hobgoblin (D:1)
  3 jackals (D:1)
  A bat (D:1)
  A frilled lizard (D:1)
  A kobold (D:1)
  3 rats (D:1)
15 creatures vanquished.

Notes
Turn   | Place    | Note
-------+----------+-------------------------------------------
     0 | D:1      | Descartes the Deep Elf Wanderer began the quest for the
                  | Orb.
     0 | D:1      | Descartes set off with the following items: a +2 dagger, a
                  | scroll of blinking, a +0 robe; and the following spell
                  | memorised: Sandblast; and the following spells available to
                  | memorise: Stone Arrow
     0 | D:1      | Reached XP level 1. HP: 10/10 MP: 9/9
   341 | D:1      | Reached skill level 6 in Spellcasting
   514 | D:1      | Reached skill level 1 in Earth Magic
   623 | D:1      | Reached XP level 2. HP: 15/15 MP: 11/11
   945 | D:1      | Slain by a jackal

Illustrated notes

Levels and vault maps discovered:
D:1:      tarquinn_simple_flora_water_b, layout_basic

Skill      XL: |  1 |
---------------+----+-----
Spellcasting   | 6 |  6.0
Earth Magic    | 1 |  1.8
Stealth        | |  1.2
Shields        | |  1.2
Conjurations   | |  1.1
Hexes          | |  2.6
Summonings     | |  1.1

Action                   || total
-------------------------++-------
Melee: Dagger            ||    48
 Stab: Sleeping          ||     2
Armor: Robe              ||     3
Dodge: Dodged            ||    37
